 Dungeon Crawl Stone Soup version 0.19.4-9-g45fd643 (webtiles) character file.

252 Mesmaeker13 the Firebug (level 6, -6/32 HPs)
             Began as a Gargoyle Fire Elementalist on Feb 16, 2017.
             Killed from afar by an orc wizard (9 damage)
             ... with a puff of flame
             ... on level 4 of the Dungeon.
             The game lasted 00:07:25 (3807 turns).

Mesmaeker13 the Firebug (GrFE)                      Turns: 3807, Time: 00:07:26

Health: -6/32      AC:  7    Str: 12    XL:     6   Next: 13%
Magic:  5/9        EV: 11    Int: 17    God:
Gold:   175        SH:  4    Dex: 10    Spells: 3 memorised, 3 levels left

rFire  . . .     SeeInvis .     g - +0 short sword
rCold  + . .     Gourm    .     a - +0 robe
rNeg   + . .     Faith    .     j - +0 buckler
rPois  ∞         Spirit   .     (no helmet)
rElec  +         Reflect  .     (no cloak)
rCorr  .         Harm     .     q - +0 pair of gloves
MR     .....                    (no boots)
Stlth  ++........               (no amulet)
                                (no ring)
                                d - ring of protection from cold

@: no status effects
A: negative energy resistance 1, electricity resistance, unbreathing,
petrification resistance, rot immunity, AC +4
a: no special abilities


You were on level 4 of the Dungeon.
You were not hungry.

You visited 1 branch of the dungeon, and saw 4 of its levels.

You collected 175 gold pieces.

Inventory:

Hand Weapons
 g - a +0 short sword (weapon)
 s - a +0 blowgun
Missiles
 t - 16 poisoned needles
Armour
 a - a +0 robe (worn)
 j - a +0 buckler (worn)
 q - a +0 pair of gloves (worn)
Jewellery
 d - a ring of protection from cold (left hand)
Scrolls
 e - a scroll of noise {unknown}
 f - a scroll of blinking {unknown}
 h - a scroll of amnesia {unknown}
 m - a scroll of teleportation {unknown}
 u - a scroll of magic mapping {unknown}
 w - a scroll of immolation {unknown}
 z - 2 scrolls of fog
Potions
 i - a potion of haste
 k - a potion of ambrosia {unknown}
 o - a potion of resistance {unknown}
 p - 2 potions of lignification
 v - a potion of might {unknown}
 A - a potion of mutation {unknown}
Books
 b - a book of Flames

   Spells                             Type                      Level
   a - Flame Tongue                   Conjuration/Fire             1
   b - Throw Flame                    Conjuration/Fire             2
   c - Conjure Flame                  Conjuration/Fire             3
   d - Inner Flame                    Hexes/Fire                   3
   e - Sticky Flame                   Conjuration/Fire             4
   f - Fireball                       Conjuration/Fire             5
Comestibles
 c - 4 bread rations
 n - a royal jelly
 r - a beef jerky
 x - 6 chunks of flesh


   Skills:
 - Level 1.5 Dodging
 - Level 2.1 Stealth
 + Level 2.1 Shields
 - Level 2.0 Spellcasting
 + Level 4.3 Conjurations
 + Level 4.8 Fire Magic


You had 3 spell levels left.
You knew the following spells:

 Your Spells              Type           Power        Failure   Level  Hunger
a - Flame Tongue          Conj/Fire      ###..        4%          1    #......
b - Throw Flame           Conj/Fire      ###...       8%          2    ###....
c - Conjure Flame         Conj/Fire      ###.....     12%         3    ###....


Dungeon Overview and Level Annotations

Branches:
Dungeon (4/15)
 Temple: D:4-7

Altars:
Ashenzari

Shops:
D:4 *


Innate Abilities, Weirdness & Mutations

You are resistant to torment.
Your stone body is resilient. (AC +4)
You are immune to poison.
You resist negative energy. (rN+)
You are resistant to electric shocks. (rElec)
You can survive without breathing.
You are immune to petrification.
You are immune to rotting.


Message History

The flame tongue hits the orc priest.
The orc priest is moderately wounded.
The orc priest hits you but does no damage.
An orc comes into view.
Casting: Flame Tongue
Confirm with . or Enter, or press ? or * to list all spells.
Aiming: Flame Tongue
Press: ? - help, Shift-Dir - straight line, f/p - orc priest
Aim: an orc priest (moderately wounded)
The flame tongue hits the orc priest.
You kill the orc priest!
Your Shields skill increases to level 2!
You hear some strange, mumbled words.
A magic dart appears from out of thin air!
The magic dart hits you!
* * * LOW HITPOINT WARNING * * *
You hear some strange, mumbled words.
A puff of flame appears from out of thin air!
The puff of flame hits you!
You die...

#.# #.# #.#
#.#.# #.#.#
#.#.# # #.#>#
. #.#@#### #
#.#..).## #
#.#.###.## #
#.o## ##.# #
#>.### #.# #
##...###.# ##
####.###.#.##
.####
#.........##
#...#
#.#o#####.#


You could see an orc.

Vanquished Creatures
  A bullfrog (D:4)
  A jelly (D:4)
  An orc priest (D:4)
  A worker ant (D:4)
  3 adders (D:2)
  3 worms
  A dart slug (D:2)
  3 orcs (D:3)
  A ball python (D:3)
  13 bats
  6 giant cockroaches
  7 hobgoblins
  3 jackals (D:1)
  A quokka (D:3)
  7 frilled lizards
  4 goblins
  7 kobolds
  2 rats
65 creatures vanquished.

Notes
Turn   | Place    | Note
-------+----------+-------------------------------------------
     0 | D:1      | Mesmaeker13 the Gargoyle Fire Elementalist began the quest for the Orb.
     0 | D:1      | Reached XP level 1. HP: 10/10 MP: 3/3
   367 | D:1      | Reached XP level 2. HP: 15/15 MP: 3/5
   901 | D:2      | Reached XP level 3. HP: 19/19 MP: 2/6
   984 | D:2      | Learned a level 2 spell: Throw Flame
  1765 | D:2      | Reached XP level 4. HP: 23/24 MP: 2/7
  2527 | D:3      | Found a shattered altar of Ashenzari.
  3586 | D:4      | Noticed a bullfrog
  3595 | D:4      | Killed a bullfrog
  3595 | D:4      | Reached skill level 1 in Shields
  3595 | D:4      | Reached XP level 5. HP: 23/28 MP: 2/8
  3696 | D:4      | Learned a level 3 spell: Conjure Flame
  3737 | D:4      | Reached XP level 6. HP: 32/32 MP: 4/9
  3787 | D:4      | Found Era Zotimo's General Store.
  3807 | D:4      | Killed from afar by an orc wizard

Skill      XL: |  1  2  3  4  5  6 |
---------------+-------------------+-----
Conjurations   | 2 3 4 |  4.3
Fire Magic     | 4 |  4.8
Shields        | 1 2 |  2.1
Dodging        | |  1.5
Stealth        | |  2.1
Spellcasting   | |  2.0

Action                   |  1- 3 |  4- 6 || total
-------------------------+-------+-------++-------
Melee: Short sword       |    28 |     5 ||    33
 Cast: Flame Tongue      |    65 |    58 ||   123
  Use: Scroll            |     1 |     5 ||     6
       Potion            |       |     1 ||     1
 Stab: Sleeping          |       |     1 ||     1
  Eat: Chunk             |     4 |     7 ||    11
Armor: Robe              |    29 |    13 ||    42
Dodge: Dodged            |    37 |    10 ||    47
Block: Buckler           |       |     2 ||     2
